[Event "Titled Tuesday Blitz May 24 Early 2022"]
[White "Shipov, Sergei"]
[Black "Kim, Yoon-Young"]
[WhiteFideId "4113624"]
[BlackFideId "30908779"]
[WhiteElo "2803"]
[BlackElo "2109"]
[Result "1-0"]
[Round "05"]
[TimeControl "180+1"]
[Date "2022.05.24"]
[WhiteClock "0:02:07"]
[BlackClock "0:00:33"]

1. d4 Nf6 2. c4 e6 3. Nc3 Bb4 4. Qc2 d5 5. a3 Bxc3+ 6. Qxc3 O-O 7. e3 c5 8. dxc5 Ne4 9. Qc2 Nxc5 10. b4 Ne4 11. Bb2 a5 12. b5 b6 13. cxd5 exd5 14. Nf3 Bb7 15. Be2 Nd7 16. O-O Rc8 17. Qd3 Ndc5 18. Qd4 Ne6 19. Qe5 Qe7 20. Rac1 f6 21. Qf5 a4 22. Rfd1 Nd6 23. Qg4 Ne4 24. h4 Rc5 25. Nd4 Rfc8 26. Qxe6+ 1-0


[Site "https://www.chess.com"]

[Event "Titled Tuesday Blitz May 24 Early 2022"]
[White "Shtyka, Sergey"]
[Black "Taboas Rodriguez, Daniel"]
[WhiteFideId "4138465"]
[BlackFideId "2208466"]
[WhiteElo "2014"]
[BlackElo "2429"]
[Result "1-0"]
[Round "05"]
[TimeControl "180+1"]
[Date "2022.05.25"]
[WhiteClock "0:00:12"]
[BlackClock "0:00:33"]

1. e4 e6 2. Nf3 d5 3. e5 c5 4. b4 cxb4 5. a3 Qa5 6. Bb2 Nc6 7. axb4 Qxb4 8. Bc3 Qe4+ 9. Be2 d4 10. Ra4 Bc5 11. O-O Nge7 12. Bd3 Qd5 13. Bb2 Nxe5 14. Nxe5 Qxe5 15. Qg4 Nc6 16. c3 Bd6 17. f4 Qf6 18. cxd4 O-O 19. Nc3 e5 20. dxe5 Bxe5 21. Qh5 g6 22. fxe5 Qxf1+ 23. Kxf1 gxh5 24. Nd5 Be6 25. Nf6+ Kg7 26. Nxh5+ Kh8 27. Nf6 Kg7 28. Nh5+ Kh6 29. Nf6 Rad8 30. Rh4+ Kg5 31. Rh5+ Kf4 32. g3+ Kf3 33. Be2# 1-0


[Site "https://www.chess.com"]

[Event "Titled Tuesday Blitz May 24 Early 2022"]
[White "Shuvalova, Polina"]
[Black "Guliev, Logman"]
[WhiteFideId "24171760"]
[BlackFideId "13400061"]
[WhiteElo "2355"]
[BlackElo "2128"]
[Result "0-1"]
[Round "05"]
[TimeControl "180+1"]
[Date "2022.05.25"]
[WhiteClock "0:00:11"]
[BlackClock "0:00:14"]

1. e4 c5 2. Nc3 e6 3. Nf3 a6 4. d4 cxd4 5. Nxd4 Nc6 6. Nxc6 bxc6 7. Bd3 Qc7 8. O-O Nf6 9. Re1 e5 10. Bg5 Be7 11. Qf3 O-O 12. Rad1 Rb8 13. b3 d6 14. h3 h6 15. Bc1 Be6 16. Ne2 d5 17. Ng3 d4 18. Nf5 Bxf5 19. exf5 Rfe8 20. Qg3 Bb4 21. Re2 Kh7 22. Qf3 a5 23. a4 Kh8 24. g4 Nd5 25. Kg2 Be7 26. Rh1 Bh4 27. Be4 Qd6 28. Bd2 Kg8 29. Rhe1 Rbd8 30. Kh1 Bg5 31. Bxd5 cxd5 32. Bxa5 e4 33. Qg2 Rc8 34. Bd2 Rxc2 35. Bb4 Qxb4 36. Rxc2 Qxe1+ 37. Kh2 Bf4+ 0-1


[Site "https://www.chess.com"]

[Event "Titled Tuesday Blitz May 24 Early 2022"]
[White "Sirosh, Ilja"]
[Black "Haas, Michael"]
[WhiteFideId "4500458"]
[BlackFideId "1629514"]
[WhiteElo "2241"]
[BlackElo "1982"]
[Result "1-0"]
[Round "05"]
[TimeControl "180+1"]
[Date "2022.05.25"]
[WhiteClock "0:01:29"]
[BlackClock "0:00:02"]

1. Nf3 d5 2. c4 e6 3. g3 Nf6 4. Bg2 Be7 5. O-O O-O 6. d4 dxc4 7. Qc2 b6 8. Bg5 Nd5 9. Bxe7 Qxe7 10. Nbd2 b5 11. b3 c3 12. Ne4 b4 13. a3 Bb7 14. Nc5 c6 15. e4 Nf6 16. axb4 Qc7 17. Qxc3 Nbd7 18. Ne5 Nxc5 19. bxc5 a5 20. Rfd1 Rfd8 21. h3 h6 22. g4 Ra7 23. h4 Raa8 24. g5 hxg5 25. hxg5 Nd7 26. f4 Nxe5 27. fxe5 Qe7 28. Qg3 Rd7 29. Rd2 Rad8 30. Rad1 Ba6 31. Bf3 Rb7 32. Rh2 Qe8 33. Qh4 Kf8 34. Bh5 Rxb3 35. g6 Qe7 36. Qf4 Rdb8 37. Be2 Ke8 38. Bxa6 Rb1 39. gxf7+ Qxf7 40. Qxf7+ Kxf7 41. Rf2+ Ke7 42. Rxb1 Rxb1+ 43. Kg2 Rb4 44. Rd2 a4 45. d5 exd5 46. exd5 cxd5 47. c6 1-0


[Site "https://www.chess.com"]

[Event "Titled Tuesday Blitz May 24 Early 2022"]
[White "Soumya, Swaminathan"]
[Black "Tuleyeva-Aketayeva, Dana"]
[WhiteFideId "5016193"]
[BlackFideId "13701932"]
[WhiteElo "2115"]
[BlackElo "1875"]
[Result "1-0"]
[Round "05"]
[TimeControl "180+1"]
[Date "2022.05.25"]
[WhiteClock "0:00:06"]
[BlackClock "0:00:01"]

1. d4 Nf6 2. c4 e6 3. Nf3 c5 4. d5 exd5 5. cxd5 d6 6. Nc3 g6 7. Nd2 Bg7 8. e4 O-O 9. Be2 Nfd7 10. O-O a6 11. a4 Ne5 12. f4 Ned7 13. Nc4 Qc7 14. Qb3 b6 15. Bf3 Ra7 16. Re1 Bd4+ 17. Kh1 Nf6 18. e5 Ng4 19. Bxg4 Bxg4 20. Nxd6 Bd7 21. Nce4 a5 22. e6 Be8 23. Nxe8 Rxe8 24. d6 Qd8 25. e7 Qd7 26. Qd5 Qc6 27. Qc4 Nd7 28. Bd2 Rb7 29. Rac1 b5 30. Qxd4 cxd4 31. Rxc6 1-0


[Site "https://www.chess.com"]

[Event "Titled Tuesday Blitz May 24 Early 2022"]
[White "Sovetbekova, Nurai"]
[Black "Kim, Sergey"]
[WhiteFideId "13801910"]
[BlackFideId "13700570"]
[WhiteElo "1660"]
[BlackElo "2548"]
[Result "1/2-1/2"]
[Round "05"]
[TimeControl "180+1"]
[Date "2022.05.25"]
[WhiteClock "0:00:11"]
[BlackClock "0:00:12"]

1. d4 Nf6 2. c4 g6 3. g3 Bg7 4. Bg2 d6 5. Nc3 O-O 6. Nf3 Nbd7 7. O-O e5 8. e4 exd4 9. Nxd4 Re8 10. h3 Nc5 11. Qc2 c6 12. Be3 a5 13. Rad1 Qe7 14. Rfe1 Nfd7 15. f4 a4 16. b3 Nb6 17. Bf2 axb3 18. axb3 Nbd7 19. b4 Ne6 20. Nf5 gxf5 21. exf5 Qf6 22. fxe6 Qxc3 23. exd7 Bxd7 24. Rxe8+ Rxe8 25. Qxc3 Bxc3 26. Rxd6 Be6 27. b5 Bb4 28. Rd1 Bxc4 29. bxc6 bxc6 30. Bxc6 Rc8 31. Bd7 Rd8 32. Bb6 Rb8 33. Bc7 Rb7 34. Be5 Bc5+ 35. Kh1 Rb3 36. Ba4 Rd3 37. Rxd3 Bxd3 38. Kg2 Be4+ 39. Kf1 h5 40. Bd7 Kf8 41. Ke2 Ke7 42. Bb5 Bg2 43. h4 Bh3 44. Bc6 Ke6 45. Bb7 Bg4+ 46. Bf3 Kf5 47. Bc7 Bb4 48. Bb6 Bc3 49. Bc5 Ba5 50. Bd4 Bb4 51. Be5 Bc5 52. Bc3 Bb6 53. Bd2 Bc5 54. Be3 Bb4 55. Kf2 Bd6 56. Bg2 Ke6 57. Bf1 Kd5 58. Bg2+ Ke6 59. Bf1 Kd5 60. Ba6 Ke4 61. Bb7+ Kd3 62. Bd5 f5 63. Bc6 Bb4 64. Bb5+ Ke4 65. Bc6+ Kd3 66. Bb5+ Ke4 67. Bb6 Bc3 68. Bc6+ Kd3 69. Bd7 Ke4 70. Bc6+ Kd3 71. Bc5 Bd2 72. Bb6 Kc2 73. Bd5 Kd3 74. Bc6 Kc2 75. Bb5 Kd1 76. Bc4 Be1+ 77. Kg2 Kc2 78. Bb5 Kb3 79. Bd7 Kc4 80. Be6+ Kd3 81. Bf2 Bd2 82. Bc8 Ke2 83. Ba6+ Kd1 84. Bc4 Kc2 85. Bd5 Kd3 86. Bf3 Bc3 87. Bxg4 fxg4 88. Bc5 Ke4 89. Bb6 Be1 90. Bf2 Bd2 91. Bb6 Be1 92. Bc7 Bd2 93. Kf1 Be3 94. Ke2 Bd4 95. Bd6 Bb6 96. Bb4 Bd4 97. Bd2 Bc5 98. Be1 Bd4 99. Bf2 Bf6 100. Bc5 Bg7 101. Bf2 Bf6 102. Bc5 Bg7 103. Be7 Bd4 104. Bg5 Bg7 105. Bd8 Bd4 106. Bc7 Bf6 107. Bb6 Bg7 108. Bc7 Bf6 109. Be5 Bxe5 110. fxe5 Kxe5 111. Ke3 Kf5 112. Kd4 Kf6 113. Ke4 Ke6 114. Kf4 Kf6 115. Ke4 Ke6 116. Kf4 Kf6 117. Ke4 1/2-1/2


[Site "https://www.chess.com"]

[Event "Titled Tuesday Blitz May 24 Early 2022"]
[White "Srihari L R"]
[Black "Nguyen, Quoc Hy"]
[WhiteFideId "46617116"]
[BlackFideId "12410853"]
[WhiteElo "2755"]
[BlackElo "2616"]
[Result "1-0"]
[Round "05"]
[TimeControl "180+1"]
[Date "2022.05.25"]
[WhiteClock "0:00:25"]
[BlackClock "0:00:14"]

1. d4 d5 2. c4 c6 3. Nf3 e6 4. Nbd2 f5 5. g3 Nf6 6. Bg2 Bd6 7. O-O O-O 8. b3 Bd7 9. Bb2 Be8 10. Ne5 Bh5 11. f3 Nbd7 12. Qc2 Qc7 13. Nd3 Rac8 14. e4 dxe4 15. fxe4 fxe4 16. Nxe4 Bg6 17. Qe2 Bxe4 18. Bxe4 Bxg3 19. Bf3 Bd6 20. Qxe6+ Kh8 21. Qh3 c5 22. d5 Ne5 23. Nxe5 Bxe5 24. Bxe5 Qxe5 25. Rae1 Qd4+ 26. Kh1 Rce8 27. Re6 Rxe6 28. Qxe6 Re8 29. Qf7 h6 30. Bg2 Re2 31. Qxb7 Qd2 32. Qb8+ Kh7 33. Qg3 Qxa2 34. d6 Qd2 35. Rg1 Re3 36. Be4+ 1-0


[Site "https://www.chess.com"]

[Event "Titled Tuesday Blitz May 24 Early 2022"]
[White "Stanisz, Patryk"]
[Black "Shton, Roman"]
[WhiteFideId "1123106"]
[BlackFideId "14137461"]
[WhiteElo "1833"]
[BlackElo "2013"]
[Result "1-0"]
[Round "05"]
[TimeControl "180+1"]
[Date "2022.05.25"]
[WhiteClock "0:01:19"]
[BlackClock "0:01:48"]

1. Nf3 d5 2. d4 Nf6 3. c4 e6 4. Nc3 Bb4 5. Qa4+ Nc6 6. e3 O-O 7. Bd2 Bd7 8. Qc2 Re8 9. cxd5 exd5 10. Bd3 Bxc3 11. Bxc3 Ne4 12. O-O Bg4 13. Nd2 Bf5 14. Nxe4 Bxe4 15. Qe2 Qh4 16. Bb5 Ne7 17. Bxe8 Rxe8 18. f3 Bg6 19. Rae1 Nf5 20. Qb5 c6 21. Qxb7 Nxe3 22. Rxe3 1-0


[Site "https://www.chess.com"]

[Event "Titled Tuesday Blitz May 24 Early 2022"]
[White "Suleymanli, Suleyman"]
[Black "Sarkar, Justin"]
[WhiteFideId "13416375"]
[BlackFideId "2010011"]
[WhiteElo "1598"]
[BlackElo "2020"]
[Result "1-0"]
[Round "05"]
[TimeControl "180+1"]
[Date "2022.05.25"]
[WhiteClock "0:00:43"]
[BlackClock "0:00:01"]

1. Nf3 d5 2. g3 g6 3. d4 Nh6 4. Bg2 Nf5 5. c4 dxc4 6. Qa4+ Nc6 7. e3 Bd7 8. Qxc4 Bg7 9. O-O O-O 10. Nc3 Nd6 11. Qd3 e5 12. dxe5 Nxe5 13. Nxe5 Bxe5 14. Nd5 Bb5 15. Qb3 Bxf1 16. Bxf1 c6 17. Nf4 Qb6 18. Qc2 Rad8 19. Nd3 Bg7 20. Bd2 Ne4 21. Bb4 c5 22. Nxc5 Qxb4 23. Nxe4 Rc8 24. Nc3 Bxc3 25. bxc3 Qxc3 26. Qb1 Rfd8 27. a4 b6 28. a5 bxa5 29. Ra2 Rd2 30. Ra4 Qc1 31. Qe4 Rcc2 32. Qe8+ Kg7 33. Qe5+ Kg8 34. Rf4 Rxf2 35. Qe8+ Kg7 36. Qxf7+ Kh6 37. Rxf2 1-0


[Site "https://www.chess.com"]

[Event "Titled Tuesday Blitz May 24 Early 2022"]
[White "Svane, Rasmus"]
[Black "Grischuk, Alexander"]
[WhiteFideId "4657101"]
[BlackFideId "4126025"]
[WhiteElo "2674"]
[BlackElo "2762"]
[Result "1/2-1/2"]
[Round "05"]
[TimeControl "180+1"]
[Date "2022.05.24"]
[WhiteClock "0:01:10"]
[BlackClock "0:00:54"]

1. Nf3 Nf6 2. g3 c5 3. Bg2 Nc6 4. c4 d5 5. cxd5 Nxd5 6. Nc3 g6 7. Ne4 b6 8. d4 Bg7 9. dxc5 bxc5 10. O-O O-O 11. Nxc5 Rb8 12. Ng5 e6 13. Nge4 Qb6 14. Nd3 Ncb4 15. Nec5 Nxd3 16. Nxd3 Ba6 17. Bxd5 exd5 18. Be3 Qa5 19. Bd2 Qb6 20. Be3 Qa5 21. Bd2 Qb6 22. Be3 1/2-1/2


[Site "https://www.chess.com"]

[Event "Titled Tuesday Blitz May 24 Early 2022"]
[White "Taichman, Ori"]
[Black "Seo, Jung Min"]
[WhiteFideId "2804069"]
[BlackFideId "1734687"]
[WhiteElo "2227"]
[BlackElo "2401"]
[Result "0-1"]
[Round "05"]
[TimeControl "180+1"]
[Date "2022.05.24"]
[WhiteClock "0:01:01"]
[BlackClock "0:02:03"]

1. e4 c5 2. Nc3 a6 3. g3 b5 4. Bg2 Bb7 5. Nge2 d6 6. O-O Nf6 7. d4 cxd4 8. Nxd4 Nbd7 9. a4 bxa4 10. Rxa4 e6 11. Rb4 Rb8 12. Rxb7 Rxb7 13. e5 dxe5 14. Nxe6 fxe6 15. Bxb7 Qb6 16. Bg2 Bb4 17. Be3 Qc7 18. Ne4 Nxe4 19. Bxe4 O-O 20. Qg4 Bc5 21. Qxe6+ Kh8 22. Qh3 Nf6 23. Qf5 Bxe3 24. fxe3 Qb6 25. Qxe5 Qxe3+ 26. Kg2 Qe2+ 27. Rf2 Qxf2+ 28. Kxf2 Ng4+ 0-1


[Site "https://www.chess.com"]

[Event "Titled Tuesday Blitz May 24 Early 2022"]
[White "Tarigan, Gilbert Elroy"]
[Black "Klekowski, Maciej"]
[WhiteFideId "7108133"]
[BlackFideId "1132717"]
[WhiteElo "1908"]
[BlackElo "2476"]
[Result "0-1"]
[Round "05"]
[TimeControl "180+1"]
[Date "2022.05.24"]
[WhiteClock "0:00:02"]
[BlackClock "0:00:44"]

1. d4 Nf6 2. Nf3 d6 3. c4 Nbd7 4. Nc3 e5 5. e4 Be7 6. g3 O-O 7. Bg2 c6 8. O-O Qc7 9. Re1 exd4 10. Nxd4 Nc5 11. h3 a5 12. b3 Re8 13. Bb2 Bf8 14. Rc1 Nfd7 15. f4 a4 16. b4 a3 17. Ba1 Ne6 18. Nxe6 Rxe6 19. Nd5 Qd8 20. Ne3 Nf6 21. Qd3 Nh5 22. Kh2 Rg6 23. Nf1 Ra4 24. Bc3 Rh6 25. e5 d5 26. cxd5 cxd5 27. Qxd5 Qxd5 28. Bxd5 Bxh3 29. Bb3 Bxf1 30. Bxa4 Bc4 31. Kg2 Bxa2 32. Red1 Rg6 33. Kf2 Nxg3 34. Rd4 Be6 35. Bc2 Nf5 36. Rd8 Rg4 37. Kf3 Rg3+ 38. Ke2 Rxc3 39. Kd2 Rc8 0-1


[Site "https://www.chess.com"]

[Event "Titled Tuesday Blitz May 24 Early 2022"]
[White "Tasev, Dejan"]
[Black "Pourkashiyan, Atousa"]
[WhiteFideId "936618"]
[BlackFideId "12502014"]
[WhiteElo "2253"]
[BlackElo "2247"]
[Result "1-0"]
[Round "05"]
[TimeControl "180+1"]
[Date "2022.05.25"]
[WhiteClock "0:00:19"]
[BlackClock "0:00:04"]

1. e4 e5 2. Nf3 Nf6 3. Nxe5 d6 4. Nf3 Nxe4 5. Nc3 Nxc3 6. dxc3 Be7 7. Bf4 Nd7 8. Qd2 Nc5 9. O-O-O Be6 10. Kb1 Qd7 11. Nd4 O-O 12. Nxe6 Nxe6 13. Be3 a5 14. f4 Qc6 15. Bd3 Nc5 16. Bxc5 dxc5 17. Qe2 Rfe8 18. Be4 Qb6 19. Qf3 a4 20. a3 c6 21. Rhe1 Bf6 22. g4 Qc7 23. g5 Be7 24. h4 Rad8 25. h5 Rxd1+ 26. Rxd1 Rd8 27. Re1 Bd6 28. f5 Bf8 29. g6 h6 30. f6 gxf6 31. Qxf6 Bg7 32. gxf7+ Kf8 33. Qf5 b6 34. Rf1 Qe5 35. Qh7 Ke7 36. Bd3 Rf8 37. Qg6 Kd7 38. Qg4+ Kc7 39. Qxa4 Kb7 40. Qg4 Qd5 41. Bc4 Qe5 42. Rd1 Qf6 43. Qd7+ Kb8 44. Rd6 Qxf7 45. Bxf7 Rxf7 46. Qxf7 Bxc3 47. Rd8# 1-0


[Site "https://www.chess.com"]

[Event "Titled Tuesday Blitz May 24 Early 2022"]
[White "Timofeev, Artyom"]
[Black "Tologon tegin, Semetei"]
[WhiteFideId "4140419"]
[BlackFideId "13800574"]
[WhiteElo "2820"]
[BlackElo "2643"]
[Result "1/2-1/2"]
[Round "05"]
[TimeControl "180+1"]
[Date "2022.05.25"]
[WhiteClock "0:00:54"]
[BlackClock "0:00:11"]

1. e4 e5 2. Nc3 Nc6 3. Bc4 Nf6 4. d3 Na5 5. Nge2 Nxc4 6. dxc4 Bc5 7. O-O d6 8. Qd3 a6 9. Be3 Bxe3 10. Qxe3 Be6 11. b3 O-O 12. Rad1 Ng4 13. Qf3 f5 14. exf5 Bxf5 15. h3 Nh6 16. Qxb7 Bxc2 17. Rd2 Bg6 18. Ng3 Nf5 19. Nxf5 Bxf5 20. f4 exf4 21. Rxf4 Be6 22. Rxf8+ Kxf8 23. c5 Kg8 24. cxd6 cxd6 25. Rxd6 Qxd6 26. Qxa8+ Kf7 27. Qf3+ Kg8 28. Qe3 h6 29. Ne4 Qe5 30. Kf2 Bd5 31. Nd2 Qxe3+ 32. Kxe3 Bxg2 33. h4 Kf7 34. b4 Ke6 35. Kd4 g5 36. hxg5 hxg5 37. a4 Bc6 38. b5 axb5 39. axb5 Bxb5 40. Ne4 g4 41. Ke3 Bc6 42. Ng3 Ke5 43. Nh5 Kf5 44. Ng3+ Kg5 45. Ne2 Kh4 46. Kf4 Bf3 47. Ng3 Kh3 48. Nf5 Bd1 49. Ng3 Bc2 50. Nh5 Bd3 51. Ng3 Bg6 52. Ne2 Be8 53. Ng3 Bb5 54. Nf5 Ba6 55. Ng3 Bd3 56. Nh5 Kh4 57. Ng3 Ba6 58. Nf5+ Kh3 59. Ng3 Bb5 60. Nh5 Bd3 61. Ng3 Kh4 62. Nh1 Bc4 63. Ng3 Bb5 64. Nf5+ Kh3 65. Ng3 Ba6 66. Nf5 Bc8 67. Ng3 Bd7 68. Nh5 Kh4 69. Ng3 Be6 70. Ne4 Bd5 71. Ng3 Bg2 72. Nf5+ Kh3 73. Ne3 Bf3 74. Nxg4 1/2-1/2


[Site "https://www.chess.com"]

[Event "Titled Tuesday Blitz May 24 Early 2022"]
[White "Toncheva, Nadya"]
[Black "Ivanisevic, Ivan"]
[WhiteFideId "2924056"]
[BlackFideId "912417"]
[WhiteElo "1888"]
[BlackElo "2495"]
[Result "0-1"]
[Round "05"]
[TimeControl "180+1"]
[Date "2022.05.25"]
[WhiteClock "0:00:03"]
[BlackClock "0:00:18"]

1. e4 e5 2. Nf3 Nc6 3. Bb5 a6 4. Ba4 Bc5 5. O-O Nge7 6. c3 Ba7 7. d4 Ng6 8. Bg5 f6 9. Be3 O-O 10. Nbd2 d6 11. h3 Kh8 12. Re1 Bd7 13. Nf1 Qe8 14. Bc2 Nf4 15. Qd2 g5 16. d5 Ne7 17. Bxa7 Rxa7 18. Ne3 Ra8 19. c4 Qh5 20. Nh2 Qg6 21. b4 h5 22. f3 Qh6 23. c5 f5 24. exf5 Nxf5 25. Nxf5 Bxf5 26. Bxf5 Rxf5 27. Rad1 Raf8 28. Qc2 R8f7 29. cxd6 cxd6 30. Qc8+ Kg7 31. Rc1 g4 32. hxg4 hxg4 33. Nxg4 Qh4 34. Qc3 Rh5 35. Qd2 Qh1+ 36. Kf2 Qxg2+ 37. Ke3 Rh3 38. Qxg2 Nxg2+ 39. Kf2 Nxe1 40. Rxe1 Rhxf3+ 41. Ke2 R3f4 42. Ne3 Rxb4 43. Rg1+ Kf8 44. Rh1 Ra4 45. Kd3 Ra3+ 46. Ke4 Rf4# 0-1


[Site "https://www.chess.com"]

[Event "Titled Tuesday Blitz May 24 Early 2022"]
[White "Vainio, Ville"]
[Black "Urazayev, Arystanbek"]
[WhiteFideId "507270"]
[BlackFideId "13709810"]
[WhiteElo "2232"]
[BlackElo "2422"]
[Result "0-1"]
[Round "05"]
[TimeControl "180+1"]
[Date "2022.05.25"]
[WhiteClock "0:00:08"]
[BlackClock "0:01:56"]

1. e4 e5 2. Nf3 Nc6 3. Bc4 Bc5 4. b4 Bxb4 5. c3 Be7 6. d4 Na5 7. Nxe5 Nxc4 8. Nxc4 d5 9. exd5 Qxd5 10. Ne3 Qd8 11. c4 Nf6 12. Nc3 O-O 13. O-O c6 14. d5 cxd5 15. Ncxd5 Nxd5 16. cxd5 Bd6 17. Qh5 g6 18. Qf3 Be5 19. Rb1 b6 20. Bb2 Bxb2 21. Rxb2 Bd7 22. Rd1 Rc8 23. d6 Bc6 24. Qf4 Qd7 25. Ng4 Qe6 26. Nf6+ Kg7 27. Ng4 f6 28. Ne3 Rfd8 29. Rbd2 Bd7 30. h4 Rc5 31. g3 Rdc8 32. Ng2 Re5 33. Qd4 Rc4 34. Qb2 Rc6 35. Nf4 Re1+ 36. Kh2 Qe4 37. Rxe1 Qxe1 38. Re2 Qf1 39. Re7+ Kh6 40. Qxf6 Qxf2+ 0-1


[Site "https://www.chess.com"]

[Event "Titled Tuesday Blitz May 24 Early 2022"]
[White "Vajda, Levente"]
[Black "Alinasab, Mobina"]
[WhiteFideId "1203975"]
[BlackFideId "12528897"]
[WhiteElo "2573"]
[BlackElo "2031"]
[Result "1-0"]
[Round "05"]
[TimeControl "180+1"]
[Date "2022.05.24"]
[WhiteClock "0:00:30"]
[BlackClock "0:00:03"]

1. e4 c5 2. c3 d5 3. exd5 Qxd5 4. d4 g6 5. Nf3 Bg7 6. Be3 cxd4 7. Na3 Nh6 8. Bc4 Qe4 9. Nb5 O-O 10. cxd4 Nf5 11. Nc7 Qc6 12. Nxa8 Qxc4 13. Rc1 Qb4+ 14. Qd2 Qxd2+ 15. Bxd2 Nxd4 16. Bc3 Nbc6 17. Nc7 Bf5 18. Nxd4 Nxd4 19. f3 Rd8 20. Kf2 a6 21. Rhd1 e5 22. Ba5 Rd7 23. Na8 h5 24. Nb6 Rd6 25. Nc4 Rc6 26. Ne3 Be6 27. b3 Kf8 28. Bb4+ Ke8 29. Rxc6 Nxc6 30. Bc5 f6 31. Nd5 Bxd5 32. Rxd5 Bh6 33. a4 Bg7 34. b4 Nd8 35. b5 axb5 36. axb5 Ne6 37. Bb4 Bh6 38. Rd6 Nd8 39. Rxf6 Bc1 40. Rxg6 Bb2 41. Rh6 Bd4+ 42. Ke2 Kd7 43. Rxh5 Ne6 44. Rh7+ Kc8 45. Kd3 Nf4+ 46. Ke4 Nxg2 47. h4 Nf4 48. h5 1-0


[Site "https://www.chess.com"]

[Event "Titled Tuesday Blitz May 24 Early 2022"]
[White "Vakhlamov, Igor L."]
[Black "Jeet, Jain"]
[WhiteFideId "24126748"]
[BlackFideId "5073022"]
[WhiteElo "2401"]
[BlackElo "2028"]
[Result "1-0"]
[Round "05"]
[TimeControl "180+1"]
[Date "2022.05.24"]
[WhiteClock "0:00:47"]
[BlackClock "0:00:15"]

1. e4 c6 2. Nc3 d5 3. Nf3 d4 4. Ne2 c5 5. Ng3 Nc6 6. Bc4 e5 7. d3 Be7 8. O-O Nf6 9. Ng5 O-O 10. f4 h6 11. Nf3 exf4 12. Bxf4 Na5 13. Bb3 Nxb3 14. axb3 Be6 15. Ne5 Nd7 16. Nxd7 Qxd7 17. h3 a6 18. Qh5 Qc6 19. Rf2 Bd7 20. Nf5 Bxf5 21. Qxf5 Qe6 22. Qh5 f5 23. Re1 Qd7 24. exf5 Rxf5 25. Rxe7 Qxe7 26. Qxf5 Rf8 27. Qe4 Qd7 28. Bg3 Re8 29. Qf5 Qc6 30. Kh2 Kh8 31. Qf3 Qd7 32. Re2 Rc8 33. Re4 b5 34. Qg4 Qxg4 35. hxg4 Kh7 36. Re7 h5 37. gxh5 Kh6 38. Be5 c4 39. bxc4 bxc4 40. Bxg7+ Kxh5 41. Bxd4 a5 42. Re5+ Kg4 43. Rxa5 cxd3 44. cxd3 Rd8 45. Ra4 Rd5 46. Bf2+ Kh5 47. Rd4 Rb5 48. b4 Kg5 49. Rc4 Rb7 50. Be3+ Kf5 51. g4+ Ke5 52. Re4+ Kd5 53. g5 Rg7 54. Kg3 Rg6 55. b5 Rd6 56. Rd4+ Ke5 57. Rxd6 1-0


[Site "https://www.chess.com"]

[Event "Titled Tuesday Blitz May 24 Early 2022"]
[White "Valle Maytin, Luis Enrique"]
[Black "Dahlgren, James Allen"]
[WhiteFideId "3503666"]
[BlackFideId "22256873"]
[WhiteElo "2245"]
[BlackElo "2056"]
[Result "0-1"]
[Round "05"]
[TimeControl "180+1"]
[Date "2022.05.25"]
[WhiteClock "0:00:20"]
[BlackClock "0:00:11"]

1. e4 e6 2. d4 c5 3. Nf3 cxd4 4. Nxd4 Nf6 5. Nc3 Nc6 6. a3 d5 7. exd5 exd5 8. Be3 Be7 9. Be2 O-O 10. O-O Re8 11. Nb3 Bf5 12. Rc1 h6 13. Nb5 Ne4 14. N5d4 Nxd4 15. Nxd4 Bh7 16. c3 a6 17. Bf3 Bf6 18. g3 Ng5 19. Bg2 Be4 20. f3 Bh7 21. Qd2 Qd7 22. Kh1 Rad8 23. Rcd1 Re7 24. Bf2 Nh3 25. Be3 Rde8 26. Bxh6 Bxd4 27. cxd4 Re2 28. Qc1 gxh6 29. Qxh6 Nf2+ 30. Rxf2 Rxf2 31. Qg5+ Bg6 32. f4 Ree2 33. Rg1 Rxg2 34. Rxg2 Qh3 35. Rxe2 Qf1# 0-1


[Site "https://www.chess.com"]

[Event "Titled Tuesday Blitz May 24 Early 2022"]
[White "Vidonyak, Roman"]
[Black "Gurevich, Dmitry"]
[WhiteFideId "14100622"]
[BlackFideId "2000407"]
[WhiteElo "2371"]
[BlackElo "2506"]
[Result "1/2-1/2"]
[Round "05"]
[TimeControl "180+1"]
[Date "2022.05.25"]
[WhiteClock "0:00:10"]
[BlackClock "0:00:17"]

1. d4 Nf6 2. c4 a6 3. Nc3 c5 4. d5 b5 5. cxb5 axb5 6. Nxb5 Qa5+ 7. Nc3 Bb7 8. Bd2 Qb6 9. e4 e6 10. Bc4 Nxe4 11. Nxe4 exd5 12. Ng3 dxc4 13. Nf3 Qe6+ 14. Kf1 Be7 15. Bc3 O-O 16. Nh5 f6 17. Nf4 Qe4 18. Qd2 Qf5 19. Re1 Bxf3 20. Rxe7 Be4 21. g4 Bd3+ 22. Nxd3 Qxd3+ 23. Qxd3 cxd3 24. g5 Rxa2 25. Kg2 d5 26. gxf6 gxf6 27. Kh3 Rf7 28. Re8+ Rf8 29. Rhe1 d4 30. Bd2 Rxb2 31. R8e7 Rxd2 32. Rg1+ Kh8 33. Rgg7 Rc8 34. Rxh7+ Kg8 35. Rhg7+ Kf8 36. Rgf7+ Kg8 37. Rg7+ Kh8 38. Rh7+ Kg8 39. Rhg7+ 1/2-1/2


[Site "https://www.chess.com"]

[Event "Titled Tuesday Blitz May 24 Early 2022"]
[White "Vignesh, N R"]
[Black "Mekhitarian, Krikor Sevag"]
[WhiteFideId "25012215"]
[BlackFideId "2107660"]
[WhiteElo "2363"]
[BlackElo "2598"]
[Result "0-1"]
[Round "05"]
[TimeControl "180+1"]
[Date "2022.05.24"]
[WhiteClock "0:00:13"]
[BlackClock "0:00:14"]

1. e4 e5 2. Nf3 Nf6 3. Nxe5 d6 4. Nf3 Nxe4 5. d4 d5 6. Bd3 Bd6 7. O-O O-O 8. c4 c6 9. Nc3 Nxc3 10. bxc3 dxc4 11. Bxc4 Bf5 12. Re1 Nd7 13. Bd3 Bxd3 14. Qxd3 Re8 15. Rxe8+ Qxe8 16. a4 Nf6 17. Bg5 Nd5 18. a5 h6 19. Bd2 Qd7 20. g3 Re8 21. c4 Nf6 22. Kg2 Ne4 23. Re1 Nxd2 24. Rxe8+ Qxe8 25. Qxd2 Qe4 26. Qb2 g5 27. h3 h5 28. Qd2 f6 29. Qe1 Qxe1 30. Nxe1 Bc7 31. a6 bxa6 32. Nd3 a5 33. Nb2 Bb6 34. c5 Bc7 35. g4 hxg4 36. hxg4 Kf7 37. Kf3 Ke6 38. Ke4 Bf4 39. Na4 Bd2 40. Kd3 Be1 41. Ke2 Bb4 42. f3 Kd5 43. Kd3 Be1 44. Nb2 Bf2 45. Nc4 Bxd4 46. Nxa5 Bxc5 47. Nc4 Bb6 48. Nd2 a5 49. Ne4 Bd8 50. Nc3+ Ke5 51. Ne2 Bb6 52. Kc4 Be3 53. Kb3 Bc5 54. Ka4 Bb4 55. Kb3 c5 56. Kc4 a4 0-1


[Site "https://www.chess.com"]

[Event "Titled Tuesday Blitz May 24 Early 2022"]
[White "Visakh N R"]
[Black "Dubov, Daniil"]
[WhiteFideId "25012223"]
[BlackFideId "24126055"]
[WhiteElo "2448"]
[BlackElo "2791"]
[Result "0-1"]
[Round "05"]
[TimeControl "180+1"]
[Date "2022.05.24"]
[WhiteClock "0:01:22"]
[BlackClock "0:00:08"]

1. Nf3 Nf6 2. c4 g6 3. Nc3 Bg7 4. g3 b6 5. Bg2 Bb7 6. O-O O-O 7. d3 c5 8. Rb1 Nc6 9. b3 d6 10. Bb2 Qd7 11. Qd2 e5 12. Ng5 h6 13. Nge4 Nh7 14. Nb5 Nd4 15. Nbxd6 Bc6 16. e3 Ne6 17. Nb5 Rad8 18. Rfd1 f5 19. Nec3 Bxg2 20. Kxg2 Nhg5 21. h4 f4 22. hxg5 f3+ 23. Kg1 Nxg5 24. Qe1 Qh3 25. Qf1 Qh5 26. Qe1 Nh3+ 27. Kf1 Rf5 28. Ne4 Nf4 29. Kg1 Qh3 0-1


[Site "https://www.chess.com"]